 Dungeon Crawl Stone Soup version 0.28-a0-851-g8b9cc49 (webtiles) character file.

Game seed: 8506380358641375648

315 Meow the Chiller (level 6, 13/49 HPs)
             Began as a Naga Ice Elementalist on Nov 14, 2021.
             Was an Initiate of Gozag.
             Quit the game on level 3 of the Dungeon.
             The game lasted 00:10:52 (3061 turns).

Meow the Chiller (Naga Ice Elementalist)            Turns: 3061, Time: 00:10:52

Health: 13/49      AC:  3    Str: 10    XL:     6   Next: 44%
Magic:  9/12       EV: 10    Int: 23    God:    Gozag
Gold:   232        SH:  0    Dex: 12    Spells: 9/13 levels left

rFire   . . .      SeeInvis +   a - +1 whip (elec)
rCold   . . .      Faith    .   (no shield)
rNeg    . . .      Spirit   .   b - +0 robe
rPois   +          Reflect  .   (no helmet)
rElec   .          Harm     .   (no cloak)
rCorr   .          Rampage  .   (no gloves)
Will    .....                   (no barding)
Stlth   +++.......              (no amulet)
HPRegen 0.16/turn               m - +6 ring of intelligence
MPRegen 0.13/turn               (no ring)

@: gold aura, freezing walls, very slow
A: AC +2, large, see invisible, deformed body, poison resistance, slowness 2,
spit poison 1, naga tail 1
a: Spit Poison, Renounce Religion, Potion Petition, Call Merchant, Bribe Branch


You were on level 3 of the Dungeon.
You worshipped Gozag.
Gozag was aware of your devotion.
You visited 2 branches of the dungeon, and saw 5 of its levels.

You collected 268 gold pieces.
You paid 36 gold pieces to Gozag.

Inventory:

Hand Weapons
 a - a +1 whip of electrocution (weapon)
 f - a +0 club
 s - a +0 trident of protection
Missiles
 c - 159 stones (quivered)
 n - 19 sling bullets
Armour
 b - a +0 robe (worn)
 t - a +0 buckler
Magical Staves
 l - a staff of conjuration
Jewellery
 m - a +6 ring of intelligence (left hand)
Wands
 v - a wand of flame (20)
Scrolls
 g - a scroll of magic mapping {unknown}
 h - a scroll of summoning {unknown}
 o - a scroll of teleportation {unknown}
 p - a scroll of identify
 w - a scroll of enchant armour {unknown}
 y - a scroll of fog {unknown}
Potions
 d - a potion of degeneration
 e - a potion of flight
 i - a potion of invisibility
 j - a potion of ambrosia
 k - a potion of berserk rage
 q - a potion of might {unknown}
 r - a potion of haste {unknown}
 u - a potion of brilliance {unknown}
 x - a potion of curing {unknown}


   Skills:
 - Level 1.5 Dodging
 + Level 4.8 Stealth
 + Level 4.2 Spellcasting
 + Level 5.7 Ice Magic


You had 9 spell levels left.
You knew the following spells:

 Your Spells              Type           Power      Damage    Failure   Level
a - Freeze                Ice            100%       1d11      1%          1
f - Frozen Ramparts       Ice            62%        1d8       3%          3

Your spell library contained the following spells:

 Spells                   Type           Power      Damage    Failure   Level
 Ozocubu's Armour         Ice            31%        N/A       3%          3
 Ensorcelled Hibernation  Hex/Ice        36%        N/A       4%          2
 Sublimation of Blood     Necr           4%         N/A       16%         2
 Wereblood                Tmut           4%         N/A       16%         2
 Dazzling Flash           Conj/Hex       8%         N/A       30%         3
 Spider Form              Tmut/Pois      4%         N/A       30%         3
 Hailstorm                Conj/Ice       18%        3d6       30%         4
 Iskenderun's Mystic Bla  Conj/Tloc      4%         2d3       71%         4
 Starburst                Conj/Fire      2%         6d3       100%        6
 Summon Hydra             Summ           2%         N/A       100%        7


Dungeon Overview and Level Annotations

Branches:
Dungeon (4/15)             Temple (1/1) D:4

Altars:
Cheibriados
Dithmenos
Elyvilon
Gozag
Hepliaklqana
Kikubaaqudgha
Makhleb
Nemelex Xobeh
Okawaru
Qazlal
Ru
Sif Muna
Trog
Uskayaw
Vehumet
Wu Jian
Yredelemnul
Zin
The Shining One

Shops:
D:3 (

Annotations:
D:4 1 runed translucent door, 2 transporters, Caerwyn's ghost, weakling FeDe; Crazy Yiuf; Grinder


Innate Abilities, Weirdness & Mutations

Your serpentine skin is tough. (AC +2)
You have supernaturally acute eyesight. (SInv)
Armour fits poorly on your strangely shaped body.
Your system is resistant to poisons. (rPois)
You cover ground very slowly.
You can spit poison.
You have a snake-like lower body.


Message History

Confirm with . or Enter, or press ? or * to list all spells.
Okay, then.
Unknown command.
Casting: Frozen Ramparts (dangerous; 3% risk of failure)
Confirm with . or Enter, or press ? or * to list all spells.
Okay, then.
Unknown command.
Aiming: Throw Flame
Press: ? - help, Shift-Dir - straight line, f - ice beast
Aim: an ice beast (68% to hit)
The puff of flame hits the ice beast!
The ice beast melts!
The ice beast is heavily wounded.
The ice beast completely resists.
The wall freezes the ice beast but does no damage.
The ice beast hits you. The ice beast freezes you!
Aiming: Throw Flame
Press: ? - help, Shift-Dir - straight line, f/p - ice beast
Aim: an ice beast (heavily wounded, 68% to hit)
The puff of flame hits the ice beast.
The ice beast melts!
The ice beast is severely wounded.
The ice beast completely resists.
The wall freezes the ice beast but does no damage.
The ice beast hits you. The ice beast freezes you!
* * * LOW HITPOINT WARNING * * *
Aiming: Throw Flame
Press: ? - help, Shift-Dir - straight line, f/p - ice beast
Aim: an ice beast (severely wounded, 68% to hit)
The puff of flame hits the ice beast.
The ice beast is severely wounded.
The ice beast completely resists.
The wall freezes the ice beast but does no damage.
The ice beast hits you but does no damage.
Unknown command.
Aiming: Throw Flame
Press: ? - help, Shift-Dir - straight line, f/p - ice beast
Aim: an ice beast (severely wounded, 68% to hit)
The puff of flame hits the ice beast.
The ice beast melts!
You kill the ice beast!
Unknown command.
Are you sure you want to abandon this character and quit the game? (Confirm with "yes".)

..............#.#.#
...##.#...#####.#.#
##.##.#.........#.#
.#.##.#...#######.#
.#.##.##.## .#
.#.##.##.# .#
.#.#...#.# .#
.#.#...#.########$#
...#...#........@.#
####(..#.)........#
# #...#..........#
# #...#..........#
# #.........######
## #..######.# .#
#..# #.# .###..#
#.# ......#
####.###


There were no monsters in sight!

Vanquished Creatures
  An ice beast (D:3)
  An iguana (D:4)
  Ijyb (D:4)
  Robin (D:4)
  5 adders
  A howler monkey skeleton (D:4)
  2 worms
  A dart slug (D:1)
  6 orcs (D:4)
  12 ball pythons
  10 endoplasms
  2 giant cockroaches
  12 goblins
  7 hobgoblins
  A jackal (D:2)
  13 kobolds
  4 quokkas
  6 bats
  2 frilled lizards (D:3)
  A quokka skeleton (D:4)
  6 rats
  A butterfly (D:4)
96 creatures vanquished.

Vanquished Creatures (others)
  A goblin (D:4)
  12 plants (D:4)
13 creatures vanquished.

Grand Total: 109 creatures vanquished

Notes
Turn   | Place    | Note
-------+----------+-------------------------------------------
     0 | D:1      | Meow the Naga Ice Elementalist began the quest for the Orb.
     0 | D:1      | Reached XP level 1. HP: 15/15 MP: 3/3
    94 | D:1      | Reached XP level 2. HP: 19/22 MP: 5/5
   363 | D:1      | Reached XP level 3. HP: 28/28 MP: 6/6
   555 | D:2      | Found a faded altar of an unknown god.
   725 | D:2      | Learned a level 3 spell: Frozen Ramparts
  1126 | D:2      | Reached XP level 4. HP: 36/36 MP: 6/8
  1454 | D:2      | Reached skill level 5 in Ice Magic
  1553 | D:3      | Found Voacitir's Antique Weapon Shop.
  1854 | D:3      | Reached XP level 5. HP: 33/42 MP: 10/10
  2079 | D:3      | Found a sparkling altar of Nemelex Xobeh.
  2191 | D:3      | Noticed an ice beast
  2268 | D:4      | Noticed Ijyb
  2278 | D:4      | Killed Ijyb
  2310 | D:4      | Noticed Grinder
  2371 | D:4      | Found a staircase to the Ecumenical Temple.
  2377 | Temple   | Entered the Ecumenical Temple
  2592 | Temple   | Became a worshipper of Gozag Ym Sagoz the Greedy
  2744 | D:4      | Found a runed translucent door.
  2745 | D:4      | Noticed Crazy Yiuf
  2774 | D:4      | Found a transporter.
  2774 | D:4      | Noticed Caerwyn's ghost (weakling FeDe)
  2778 | D:4      | Found a transporter.
  2850 | D:4      | Noticed Robin
  2857 | D:4      | Killed Robin
  3000 | D:4      | Reached XP level 6. HP: 49/49 MP: 7/12
  3060 | D:3      | Killed an ice beast
  3061 | D:3      | Quit the game

Illustrated notes

Levels and vault maps discovered:
D:1:      wander_arrival_estate, layout_rooms
D:2:      minmay_angry_zag, layout_basic, chequers_ecumenical_altar_simple,
          serial_glass, glass_columns_a, glass_columns_a, glass_columns_b,
          glass_columns_a, feat_on_display, minmay_strange_pillars,
          minmay_strange_pillars
D:3:      layout_basic, general_overflow_altar, serial_shops, shop,
          minmay_misc_feat_iff
D:4:      layout_basic, minmay_temple_entry_butterflies, gammafunk_ghost_arena,
          minmay_misc_feat_tower, serial_bayou_pond_c, uniq_grinder,
          uniq_crazy_yiuf_cottage, uniq_robin, uniq_ijyb
Temple:   dpeg_five_rooms_temple

Skill      XL: |  1  2  3  4  5 |
---------------+----------------+-----
Spellcasting   | 3 4 |  4.2
Ice Magic      | 5 |  5.7
Stealth        | 4 |  4.8
Dodging        | |  1.5

Action                   |  1- 3 |  4- 6 || total
-------------------------+-------+-------++-------
Melee: Whip              |     8 |    31 ||    39
Throw: Stone             |     4 |       ||     4
 Cast: Freeze            |    18 |    17 ||    35
       Frozen Ramparts   |       |     9 ||     9
 Abil: Spit Poison       |    39 |    32 ||    71
Evoke: Wand              |       |     4 ||     4
  Use: Scroll            |     2 |     3 ||     5
 Stab: Sleeping          |       |     1 ||     1
Armor: Robe              |     7 |    10 ||    17
Dodge: Dodged            |    16 |    29 ||    45

Table legend: (Time is in decaauts)
 A = Elapsed time spent in this place.
 B = Non-inter-level travel time spent in this place.
 C = Inter-level travel time spent in this place.
 D = Time resting spent in this place.
 E = Time spent auto-exploring this place.
 F = Levels seen in this place.
 G = Mean time per level.
                   A        B        C        D        E       F      G
               +--------+--------+--------+--------+--------+-----+--------+
         Total |   4018 |   3832 |    186 |    367 |   2671 |   5 |  803.6 |
       Dungeon |   3646 |   3532 |    114 |    367 |   2392 |   4 |  911.5 |
        Temple |    371 |    300 |     71 |      0 |    279 |   1 |  371.0 |
               +--------+--------+--------+--------+--------+-----+--------+

Top non-repeatable levels by time:
     D:2: 1350 daAuts
     D:3: 982 daAuts
     D:1: 670 daAuts
     D:4: 644 daAuts
  Temple: 371 daAuts
